 Dungeon Crawl Stone Soup version 0.28.0-53-g5a82cb258f (webtiles) character file.

Game seed: 16071882803316868114

352 Peloso the Covered (level 6, -9/55 HPs)
             Began as a Minotaur Fighter on July 14, 2022.
             Mangled by a sixfirhy (10 damage)
             ... summoned by a kobold demonologist
             ... on level 5 of the Dungeon.
             The game lasted 00:04:20 (3485 turns).

Peloso the Covered (Minotaur Fighter)               Turns: 3485, Time: 00:04:20

Health: -9/55      AC:  8    Str: 21    XL:     6   Next: 35%
Magic:  5/5        EV:  9    Int:  5    God:
Gold:   83         SH:  4    Dex: 11    Spells: 5/5 levels left

rFire   . . .      SeeInvis .   a - +1 long sword
rCold   . . .      Faith    .   c - +0 buckler
rNeg    . . .      Spirit   .   b - +1 scale mail
rPois   .          Reflect  .   (helmet restricted)
rElec   .          Harm     .   (no cloak)
rCorr   .          Rampage  .   (no gloves)
Will    .....                   (no boots)
Stlth   ..........              (no amulet)
HPRegen 0.18/turn               (no ring)
MPRegen 0.09/turn               (no ring)

@: about to teleport
A: horns 2, retaliatory headbutt
a: no special abilities


You were on level 5 of the Dungeon.
You visited 1 branch of the dungeon, and saw 5 of its levels.

You collected 83 gold pieces.

Inventory:

Hand Weapons
 a - a +1 long sword (weapon)
Armour
 b - a +1 scale mail (worn)
 c - a +0 buckler (worn)
Scrolls
 e - a scroll of teleportation
 f - a scroll of noise {unknown}
 g - a scroll of enchant weapon
 h - 2 scrolls of identify
 i - a scroll of vulnerability {unknown}
 j - a scroll of acquirement
Potions
 d - 2 potions of might
 k - a potion of haste
 l - a potion of invisibility {unknown}


   Skills:
 + Level 4.8 Fighting
 + Level 5.4 Long Blades
 + Level 5.5 Armour
 + Level 1.0 Dodging
 + Level 0.4 Stealth
 + Level 4.1 Shields


You had 5 spell levels left.
You didn't know any spells.
Your spell library contained the following spells:

 Spells                   Type           Power      Damage    Failure   Level
 Freeze                   Ice            0%         1d3       87%         1
 Frozen Ramparts          Ice            0%         1d2       99%         3
 Portal Projectile        Hex/Tloc       0%         N/A       99%         3
 Tukima's Dance           Hex            0%         N/A       99%         3
 Hailstorm                Conj/Ice       0%         3d3       100%        4
 Passage of Golubria      Tloc           0%         N/A       100%        4
 Blade Hands              Tmut           0%         N/A       100%        5
 Excruciating Wounds      Necr           0%         N/A       100%        5
 Yara's Violent Unravell  Hex/Tmut       0%         3d3       100%        5


Dungeon Overview and Level Annotations

Branches:
Dungeon (5/15)
 Temple: D:4-7

Altars:
Ashenzari
Hepliaklqana

Annotations:
D:4 3 runed translucent doors, Tali's ghost, amateur DsBe


Innate Abilities, Weirdness & Mutations

You have a pair of horns on your head.
You reflexively headbutt those who attack you in melee.


Message History

You hit the hound zombie.
The hound zombie is lightly damaged.
The kobold demonologist gestures wildly while chanting.
The hound zombie barely misses you. x2
You slash the hound zombie! Your headbutt misses the hound zombie.
The hound zombie is heavily damaged.
The hound zombie closely misses you. You furiously retaliate!
You headbutt the hound zombie, but do no damage.
The white imp shouts, "Quit, thou weedy tickle-brained blabberskite!"
You hit the hound zombie. Your headbutt misses the hound zombie.
The hound zombie is almost destroyed.
You hear a shout!
The hound zombie bites you. The hound zombie barely misses you.
The white imp laughs crazily.
The white imp gestures at you. The puff of frost misses you.
A kobold comes into view. It is wielding a +0 club.
The kobold demonologist casts a cantrip, but nothing happens.
The white imp picks up a beetle and eats it.
The white imp gestures at you. The puff of frost hits you!
The kobold demonologist gestures wildly while chanting.
The hound zombie bites you.
The sixfirhy hits you but does no damage.
The hound zombie bites you but does no damage.
The sixfirhy hits you! The sixfirhy shocks you!
The sixfirhy hits you but does no damage.
The sixfirhy hits you. The sixfirhy shocks you!
* * * LOW HITPOINT WARNING * * *
The sixfirhy hits you but does no damage.
You miss the sixfirhy.
The kobold demonologist mumbles some strange words.
As you read the scroll of teleportation, it crumbles to dust.
You feel strangely unstable.
The kobold demonologist miscasts a cantrip.
You block the sixfirhy's attack. The sixfirhy hits you!
* * * LOW HITPOINT WARNING * * *
The sixfirhy shocks you!
You die...

#.......#####...#.#
#.#####...........#
##........#...#)#
#........##..##.# #
#..##.......... #
#.#..##...###..###
#.........###..##
###.............##
#....@..##.....##
##.##3###.5.....#
##...#K##.........
#.....5Z..........
##.....5..........
#..##.###.......#
#.# #.# #......##
#. #.# #.#...## #
..# #.##+##


You could see a kobold demonologist, a sixfirhy (summoned), 2 white imps and a
hound zombie.

Vanquished Creatures
  A water moccasin (D:4)
  An ogre (D:4)
  A hound (D:4)
  Natasha (D:4)
  A hound skeleton (D:4)
  4 adders
  2 worms
  3 dart slugs
  2 orcs (D:4)
  8 ball pythons
  5 endoplasms
  3 goblins
  4 hobgoblins
  2 jackals (D:1)
  2 quokkas (D:1)
  2 bats
  A frilled lizard (D:1)
  2 kobolds
  A rat (D:3)
46 creatures vanquished.

Notes
Turn   | Place    | Note
-------+----------+-------------------------------------------
     0 | D:1      | Peloso the Minotaur Fighter began the quest for the Orb.
     0 | D:1      | Reached XP level 1. HP: 19/19 MP: 0/0
   358 | D:1      | Reached XP level 2. HP: 27/27 MP: 1/1
  1075 | D:2      | Found a faded altar of an unknown god.
  1075 | D:2      | Noticed a golden eye
  1077 | D:2      | Noticed a floating eye
  1078 | D:2      | Noticed a floating eye
  1078 | D:2      | Noticed a great orb of eyes
  1175 | D:2      | Reached XP level 3. HP: 19/33 MP: 2/2
  1821 | D:3      | Found a broken altar of Ashenzari.
  2032 | D:3      | Reached XP level 4. HP: 36/40 MP: 3/3
  2085 | D:3      | Found a hazy altar of Hepliaklqana.
  2498 | D:4      | Identified a scroll of acquirement
  2815 | D:4      | Noticed a water moccasin
  2821 | D:4      | Killed a water moccasin
  2822 | D:4      | Reached XP level 5. HP: 40/47 MP: 4/4
  2881 | D:4      | Reached skill level 5 in Armour
  3123 | D:4      | Noticed an ogre
  3131 | D:4      | Killed an ogre
  3132 | D:4      | Reached skill level 5 in Long Blades
  3132 | D:4      | Reached skill level 1 in Dodging
  3132 | D:4      | Reached XP level 6. HP: 29/55 MP: 5/5
  3306 | D:4      | Noticed Natasha
  3310 | D:4      | Killed Natasha
  3357 | D:4      | Found a runed translucent gate.
  3357 | D:4      | Found a runed translucent gate.
  3357 | D:4      | Found a runed translucent gate.
  3363 | D:4      | Noticed Tali's ghost (amateur DsBe)
  3445 | D:5      | Entered Level 5 of the Dungeon
  3472 | D:5      | Noticed a kobold demonologist
  3481 | D:5      | Noticed a sixfirhy
  3485 | D:5      | HP: 1/55 [sixfirhy[a kobold demonologist] (10)]
  3485 | D:5      | Mangled by a sixfirhy

Illustrated notes

Levels and vault maps discovered:
D:1:      kilobyte_arrival_exit_the_forest, layout_loops_ring,
          minmay_misc_feat_secret_circle, minivault_26
D:2:      layout_rooms, hellmonk_ecumenical_altar_watching_god
D:3:      cheibrodos_helix_gallery, layout_loops_cross,
          mainiacjoe_overflow_small_starburst, mainiacjoe_overflow_alcove_1,
          serial_bayou_pond_c, serial_bayou_pond_d
D:4:      layout_basic, gammafunk_ghost_necromancy, uniq_natasha
D:5:      layout_loops_corners

Skill      XL: |  1  2  3  4  5 |
---------------+----------------+-----
Armour         | 4 5 |  5.5
Fighting       | 4 |  4.8
Shields        | 4 |  4.1
Long Blades    | 3 4 5 |  5.4
Dodging        | 1 |  1.0
Stealth        | |  0.4

Action                   |  1- 3 |  4- 6 || total
-------------------------+-------+-------++-------
Melee: Long sword        |    77 |    37 ||   114
       Headbutt          |     7 |     6 ||    13
  Use: Scroll            |       |     6 ||     6
Armor: Scale mail        |    27 |    20 ||    47
Dodge: Dodged            |    33 |    27 ||    60
Block: Buckler           |    17 |     4 ||    21
